 Dungeon Crawl Stone Soup version 0.21.0 (webtiles) character file.

227 mopl the Slasher (level 6, -3/35 HPs)
             Began as a Tengu Skald on Jan 7, 2018.
             Slain by Duvessa
             ... wielding a +1 short sword of electrocution
              (15 damage)
             ... on level 4 of the Dungeon.
             The game lasted 00:04:01 (2696 turns).

mopl the Slasher (Tengu Skald)                      Turns: 2696, Time: 00:04:02

Health: -3/35      AC:  4    Str: 12    XL:     6   Next: 2%
Magic:  8/10       EV: 12    Int: 15    God:
Gold:   169        SH:  0    Dex: 15    Spells: 1/9 levels left

rFire    . . .     SeeInvis .   a - +0 long sword
rCold    + . .     Gourm    .   (no shield)
rNeg     . . .     Faith    .   b - +0 leather armour
rPois    .         Spirit   .   (helmet restricted)
rElec    .         Reflect  .   (no cloak)
rCorr    .         Harm     .   t - +0 pair of gloves
MR       .....                  (boots unavailable)
Stlth    +.........             (no amulet)
HPRegen  0.11/turn              p - +2 ring of intelligence
MPRegen  0.12/turn              h - ring of protection from cold

@: no status effects
A: beak, talons 3, able to fly 1
a: Fly


You were on level 4 of the Dungeon.
You were hungry.

You visited 1 branch of the dungeon, and saw 4 of its levels.

You collected 169 gold pieces.

Inventory:

Hand Weapons
 a - a +0 long sword (weapon)
 j - a +0 falchion
Missiles
 f - 7 tomahawks of dispersal (quivered)
Armour
 b - a +0 leather armour (worn)
 l - a +0 buckler
 t - a +0 pair of gloves (worn)
 w - a +0 shield
Jewellery
 h - a ring of protection from cold (right hand)
 p - a +2 ring of intelligence (left hand)
Scrolls
 e - a scroll of fog {unknown}
 g - 3 scrolls of teleportation {unknown}
 i - a scroll of magic mapping {unknown}
 k - a scroll of amnesia {unknown}
 n - a scroll of remove curse {unknown}
Potions
 m - a potion of haste
 o - a potion of flight
 q - a potion of agility
 r - a potion of magic {unknown}
 s - a potion of brilliance {unknown}
 u - a potion of invisibility {unknown}
 v - a potion of cancellation {unknown}
 x - a potion of berserk rage {unknown}
Books
 c - a book of Battle

   Spells                             Type                      Level
   a - Infusion                       Charms                       1
   b - Shroud of Golubria             Charms/Translocation         2
   c - Song of Slaying                Charms                       2
   d - Spectral Weapon                Hexes/Charms                 3
   e - Regeneration                   Charms/Necromancy            3
Comestibles
 d - 2 rations


   Skills:
 - Level 2.0 Fighting
 + Level 6.6 Long Blades
 - Level 1.1 Armour
 - Level 2.1 Dodging
 - Level 2.0 Spellcasting
 - Level 2.4 Charms


You had one spell level left.
You knew the following spells:

 Your Spells              Type           Power        Failure   Level  Hunger
a - Infusion              Chrm           #...         11%         1    #......
b - Song of Slaying       Chrm           #.......     16%         2    ###....
c - Spectral Weapon       Hex/Chrm       #.......     45%         3    ###....
f - Shroud of Golubria    Chrm/Tloc      #.........   26%         2    ###....


Dungeon Overview and Level Annotations

Branches:
Dungeon (4/15)
 Temple: D:4-7

Altars:
Cheibriados

Annotations:
D:4 Dowan, Duvessa


Innate Abilities, Weirdness & Mutations

You have a beak for a mouth.
You have claws for feet.
You can fly.


Message History

Your spectral weapon hits Duvessa!
Duvessa closely misses you.
Unknown command.
You hit Duvessa. You claw Duvessa, but do no damage. Your peck misses Duvessa.
Duvessa is almost dead.
Your spectral weapon completely misses Duvessa.
Duvessa closely misses you.
You riposte.
You barely miss Duvessa. Your kick misses Duvessa. Your peck misses Duvessa.
Duvessa is almost dead.
You hit Duvessa but do no damage. You claw Duvessa, but do no damage.
Duvessa is almost dead.
Your spectral weapon barely misses Duvessa.
Duvessa completely misses you.
You riposte.
You closely miss Duvessa.
Duvessa is almost dead.
Dowan points at you and mumbles some strange words.
The puff of flame hits you!
You hit Duvessa but do no damage.
Duvessa is almost dead.
Your spectral weapon hits Duvessa but does no damage.
Duvessa hits you but does no damage.
You are electrocuted!
You die...

#..# #..#
######e.# ##
#...<...# .#
#.#####.# .#
#.####.#
#....#.#
####e#.#
#.e@.#
#..(.#
#....#
.......
.........
#.........#
........####
#####..$#


You could see Duvessa, Dowan and a friendly spectral long sword.

Vanquished Creatures
  A howler monkey (D:4)
  A bullfrog skeleton (D:3)
  An iguana (D:4)
  An adder (D:3)
  4 gnolls (D:3)
  An ooze (D:1)
  3 dart slugs (D:1)
  6 leopard geckos
  4 orcs (D:3)
  2 giant cockroaches
  4 goblins
  7 hobgoblins
  7 jackals (D:1)
  4 kobolds
  A quokka (D:2)
  A ball python (D:3)
  7 bats
  4 frilled lizards
  9 rats
68 creatures vanquished.

Notes
Turn   | Place    | Note
-------+----------+-------------------------------------------
     0 | D:1      | mopl the Tengu Skald began the quest for the Orb.
     0 | D:1      | Reached XP level 1. HP: 12/12 MP: 4/4
    27 | D:1      | Reached XP level 2. HP: 12/17 MP: 6/6
    30 | D:1      | Reached skill level 3 in Long Blades
    34 | D:1      | Learned a level 2 spell: Song of Slaying
    37 | D:1      | Learned a level 2 spell: Shroud of Golubria
   388 | D:1      | Reached XP level 3. HP: 19/21 MP: 7/7
   458 | D:1      | Reached skill level 4 in Long Blades
   749 | D:2      | Reached XP level 4. HP: 13/26 MP: 5/8
  1459 | D:3      | Reached skill level 5 in Long Blades
  1490 | D:3      | Gained mutation: You can fly. [Tengu growth]
  1490 | D:3      | Reached XP level 5. HP: 19/30 MP: 7/9
  1499 | D:3      | Learned a level 3 spell: Spectral Weapon
  1907 | D:3      | Reached skill level 6 in Long Blades
  2293 | D:3      | Found a snail-covered altar of Cheibriados.
  2460 | D:4      | Reached XP level 6. HP: 11/35 MP: 1/10
  2508 | D:4      | Noticed Duvessa
  2693 | D:4      | Noticed Dowan
  2696 | D:4      | Slain by Duvessa

Skill      XL: |  1  2  3  4  5 |
---------------+----------------+-----
Long Blades    | 3 4 5 6 |  6.6
Fighting       | |  2.0
Armour         | |  1.1
Dodging        | |  2.1
Spellcasting   | |  2.0
Charms         | |  2.4

Action                   |  1- 3 |  4- 6 || total
-------------------------+-------+-------++-------
Melee: Falchion          |    75 |       ||    75
       Peck              |    17 |     6 ||    23
       Kick              |    19 |    28 ||    47
       Long sword        |     3 |    77 ||    80
 Cast: Infusion          |     3 |     6 ||     9
       Song of Slaying   |     1 |     1 ||     2
       Shroud of Golubri |       |     2 ||     2
       Spectral Weapon   |       |     1 ||     1
 Abil: Fly               |       |     1 ||     1
  Use: Scroll            |       |     4 ||     4
 Stab: Sleeping          |     1 |       ||     1
       Distracted        |       |     1 ||     1
  Eat: Chunk             |       |     6 ||     6
Armor: Leather armour    |    27 |    10 ||    37
Dodge: Dodged            |    62 |    45 ||   107
       Rpst.: Falchion   |    18 |       ||    18
       Long sword        |     1 |    15 ||    16
